 Dungeon Crawl Stone Soup version 0.27.1-34-g3ba077fa99 (webtiles) character file.

Game seed: 2035489549284578676

12116 boopmooplesden the Carver (level 11, -5/94 (97) HPs)
             Began as a Minotaur Fighter on Jan 7, 2022.
             Was a High Priest of Okawaru.
             Slain by a two-headed ogre (11 damage)
             ... on level 10 of the Dungeon.
             The game lasted 00:18:59 (11481 turns).

boopmooplesden the Carver (Minotaur Fighter)       Turns: 11481, Time: 00:19:00

HP:   -5/94 (97)    AC: 15    Str: 24    XL:     11   Next: 58%
MP:   10/10         EV:  7    Int:  5    God:    Okawaru [*****.]
Gold: 665           SH: 13    Dex: 10    Spells: 10/10 levels left

rFire    . . .     SeeInvis .   a - +2 long sword (freeze)
rCold    . . .     Faith    .   c - +1 kite shield
rNeg     . . .     Spirit   .   y - +1 plate armour
rPois    .         Reflect  .   (helmet restricted)
rElec    .         Harm     .   (no cloak)
rCorr    .         Rampage  .   (no gloves)
Will     .....                  (no boots)
Stlth    ..........             (no amulet)
HPRegen  0.25/turn              (no ring)
MPRegen  0.12/turn              (no ring)

@: about to teleport, lightly drained
A: horns 2, retaliatory headbutt
a: Renounce Religion, Heroism, Finesse


You were on level 10 of the Dungeon.
You worshipped Okawaru.
Okawaru was extremely pleased with you.
You visited 1 branch of the dungeon, and saw 11 of its levels.
You also visited: Sewer.

You collected 665 gold pieces.

Inventory:

Hand Weapons
 a - a +2 long sword of freezing (weapon)
 j - a +2 mace of holy wrath
 l - a +1 falchion of holy wrath
 G - a +1 scimitar of electrocution
Missiles
 f - 5 silver boomerangs (quivered)
 q - 13 boomerangs
 B - 5 javelins
Armour
 b - a +0 scale mail
 c - a +1 kite shield (worn)
 y - a +1 plate armour (worn)
 A - a +0 pair of gloves
Jewellery
 C - a ring of flight
Wands
 g - a wand of digging (12)
 o - a wand of iceblast (25)
 s - a wand of acid (9)
Scrolls
 k - a scroll of teleportation
 u - 4 scrolls of identify
 D - a scroll of torment {unknown}
 E - a scroll of amnesia {unknown}
 H - 2 scrolls of holy word
 J - a scroll of magic mapping
Potions
 d - 4 potions of haste {unknown}
 e - 2 potions of mutation {unknown}
 h - 10 potions of curing
 i - 5 potions of flight {unknown}
 m - 2 potions of brilliance {unknown}
 n - 2 potions of degeneration {unknown}
 p - 3 potions of attraction {unknown}
 r - 4 potions of magic {unknown}
 t - 2 potions of resistance {unknown}
 v - 3 potions of heal wounds {unknown}
 w - a potion of might
 x - 4 potions of cancellation {unknown}
 z - 4 potions of invisibility {unknown}
 I - 3 potions of ambrosia


   Skills:
 + Level 9.5 Fighting
 + Level 13.0 Long Blades
 + Level 0.4 Throwing
 + Level 10.4 Armour
 + Level 2.9 Dodging
 + Level 1.6 Stealth
 + Level 11.6 Shields
 + Level 1.2 Invocations


You had 10 spell levels left.
You didn't know any spells.
Your spell library contained the following spells:

 Spells                   Type           Power      Damage    Failure   Level
 Animate Skeleton         Necr           0%         N/A       100%        1
 Apportation              Tloc           0%         N/A       100%        1
 Corona                   Hex            0%         N/A       100%        1
 Pain                     Necr           0%         1d4       100%        1
 Summon Small Mammal      Summ           0%         N/A       100%        1
 Blink                    Tloc           N/A        N/A       100%        2
 Ignite Poison            Fire/Tmut/Pois 0%         N/A       100%        3
 Mephitic Cloud           Conj/Pois/Air  0%         N/A       100%        3
 Animate Dead             Necr           0%         N/A       100%        4
 Passage of Golubria      Tloc           N/A        N/A       100%        4
 Agony                    Necr           0%         N/A       100%        5
 Bolt of Magma            Conj/Fire/Erth 0%         4d4       100%        5
 Borgnjor's Vile Clutch   Necr/Erth      0%         N/A       100%        5
 Excruciating Wounds      Necr           0%         N/A       100%        5
 Manifold Assault         Tloc           0%         N/A       100%        5
 Silence                  Hex/Air        0%         N/A       100%        5
 Death Channel            Necr           0%         N/A       100%        6
 Storm Form               Tmut/Air       0%         N/A       100%        7
 Lehudib's Crystal Spear  Conj/Erth      0%         10d2      100%        8


Dungeon Overview and Level Annotations

Branches:
Dungeon (11/15)            Temple (0/1) D:4             Orc (0/2) D:9
  Sewer (visited)
   Lair: D:8-11

Altars:
Dithmenos
Gozag
Hepliaklqana
Makhleb
Okawaru
Trog
Uskayaw
Wu Jian
The Shining One

Shops:
D:1 (=   D:11 ?

Portals:
Abyss: D:5

Annotations:
D:11 1 runed translucent door, Maurice; belegose's ghost, journeyman DjAK


Innate Abilities, Weirdness & Mutations

You have a pair of horns on your head.
You reflexively headbutt those who attack you in melee.


Message History

Found 20 stones.
A two-headed ogre comes into view.
It is wielding a +0 giant club and a +1 dire flail of protection.
You see here a fizzy silvery potion.
A two-headed ogre is nearby!
A two-headed ogre is nearby!
z - 4 fizzy silvery potions (gained 1) Throw: 5 boomerangs (silver)
Press: ? - help, Q - select action, (/) - cycle Shift-Dir - straight line, f - two-headed ogre
Aim: a two-headed ogre, wielding a +0 giant club and a +1 dire flail of protection (75% to hit)
You throw a silver boomerang.
The silver boomerang completely misses the two-headed ogre.
You hit the two-headed ogre. You freeze the two-headed ogre.
The two-headed ogre is lightly wounded.
The two-headed ogre hits you with a +0 giant club!
The two-headed ogre closely misses you.
You hit the two-headed ogre but do no damage.
The two-headed ogre is lightly wounded.
You barely miss the two-headed ogre.
You headbutt the two-headed ogre, but do no damage.
The two-headed ogre is lightly wounded.
The two-headed ogre barely misses you.
The two-headed ogre hits you with a +1 dire flail of protection!
You hit the two-headed ogre. You freeze the two-headed ogre.
You headbutt the two-headed ogre!
The two-headed ogre is moderately wounded.
The two-headed ogre hits you with a +0 giant club!!
The two-headed ogre hits you with a +1 dire flail of protection!!
* * * LOW HITPOINT WARNING * * *
You hit the two-headed ogre but do no damage.
The two-headed ogre is moderately wounded.
You slash the two-headed ogre! You freeze the two-headed ogre.
The two-headed ogre is heavily wounded.
The two-headed ogre hits you with a +0 giant club!
* * * LOW HITPOINT WARNING * * *
You block the two-headed ogre's attack.
Okay, then.
As you read the scroll of teleportation, it crumbles to dust.
You feel strangely unstable.
The two-headed ogre hits you with a +0 giant club!
You die...

##.###..#...[..... #....... ..#
#...##..#.......... #...^... ....
.._................ #.......
....##...####........... #.......
....###.# ##.......... #....###
....###.# #.......... #....#
........# #.......... #....#
.......)######.......... #....#
.............#..@....... #....#
............>#..O....#####....#
.............####...(#........#
................#....#........#
................#....#........###
###..........####....#...........
'.#....#####.# ....#...........
#)######...#.# ....#...........
#))........#.# ...........


You could see a two-headed ogre.

Vanquished Creatures
  Josephine (D:11)
  Harold (D:7)
  Pikel (D:4)
  A manticore (D:11)
  A cyclops (D:8)
  A gargoyle (D:10)
  The ghost of pkoi the Grappler, a novice DrMo of Hepliaklqana (D:5)
  An unseen horror (D:11)
  A queen bee (D:9)
  3 trolls
  A hornet (D:7)
  Sigmund (D:2)
  5 wraiths (D:11)
  4 yaks (D:11)
  2 steam dragons
  A small abomination (D:5)
  A water moccasin (D:6)
  Duvessa (D:4)
  8 ogres
  4 orc warriors
  3 black bears (D:5)
  2 sky beasts
  2 necrophages
  4 centaurs
  A lemure (D:4)
  8 kobold brigands
  4 bullfrogs
  A gnoll sergeant (D:9)
  A water moccasin zombie (D:5)
  Dowan (D:4)
  2 scorpions (D:5)
  A water moccasin skeleton (D:5)
  A wyvern skeleton (D:7)
  23 killer bees
  4 wights (D:10)
  3 hounds
  A centaur skeleton (D:5)
  A centaur zombie (D:6)
  4 orc priests
  A gnoll shaman (D:7)
  2 bullfrog skeletons (D:4)
  2 iguanas
  Terence (D:3)
  10 orc wizards
  A hound skeleton (D:5)
  7 gnolls
  A howler monkey skeleton (D:5)
  4 river rats
  14 adders
  A shadow imp (D:7)
  3 white imps
  3 ufetubi
  3 worms
  6 dart slugs
  41 orcs
  3 bats
  11 endoplasms
  7 giant cockroaches
  6 goblins
  7 hobgoblins
  6 jackals
  A quokka (D:1)
  13 ball pythons
  5 frilled lizards
  A jackal skeleton (D:4)
  43 kobolds
  33 rats
343 creatures vanquished.

Notes
Turn   | Place    | Note
-------+----------+-------------------------------------------
     0 | D:1      | boopmooplesden the Minotaur Fighter began the quest for the
                  | Orb.
     0 | D:1      | Reached XP level 1. HP: 19/19 MP: 0/0
    22 | D:1      | Reached XP level 2. HP: 10/27 MP: 1/1
   257 | D:1      | Found Jutoilax's Antique Weapon Boutique.
   260 | D:1      | Found Weopi's Jewellery Boutique.
   433 | D:1      | Reached XP level 3. HP: 33/33 MP: 2/2
   871 | D:1      | Reached skill level 3 in Long Blades
   939 | D:2      | Found a bloodstained altar of Trog.
  1020 | D:2      | Noticed Sigmund
  1030 | D:2      | Killed Sigmund
  1031 | D:2      | Reached skill level 4 in Long Blades
  1031 | D:2      | Reached skill level 1 in Dodging
  1031 | D:2      | Reached XP level 4. HP: 15/41 MP: 3/3
  1031 | D:2      | Reached XP level 5. HP: 18/47 MP: 4/4
  1382 | D:2      | Noticed a golden eye
  1384 | D:2      | Found a faded altar of an unknown god.
  1386 | D:2      | Noticed a floating eye
  1386 | D:2      | Noticed a floating eye
  1386 | D:2      | Noticed a golden eye
  1653 | D:3      | Found a burning altar of Makhleb.
  1674 | D:3      | Reached skill level 5 in Shields
  1686 | D:3      | Noticed Terence
  1698 | D:3      | Killed Terence
  1896 | D:3      | Reached XP level 6. HP: 53/53 MP: 5/5
  2041 | D:3      | Found an ornate altar of the Wu Jian Council.
  2041 | D:3      | Found an opulent altar of Gozag.
  2288 | D:3      | Reached skill level 5 in Armour
  2663 | D:4      | Noticed Pikel
  2686 | D:4      | Noticed Duvessa
  2686 | D:4      | Noticed Dowan
  2687 | D:4      | Found a staircase to the Ecumenical Temple.
  2719 | D:4      | Killed Duvessa
  2720 | D:4      | Reached skill level 5 in Fighting
  2725 | D:4      | Killed Pikel
  2726 | D:4      | Reached skill level 6 in Long Blades
  2726 | D:4      | Reached XP level 7. HP: 28/62 MP: 6/6
  2731 | D:4      | Killed Dowan
  3008 | D:4      | Found an iron altar of Okawaru.
  3016 | D:4      | Became a worshipper of Warmaster Okawaru
  3214 | D:4      | Reached XP level 8. HP: 65/70 MP: 7/7
  3264 | D:4      | Reached skill level 7 in Long Blades
  3607 | D:5      | Entered Level 5 of the Dungeon
  3671 | D:5      | Found a one-way gate to the infinite horrors of the Abyss.
  3677 | D:5      | Noticed pkoi's ghost (novice DrMo)
  3683 | D:5      | Found a transporter.
  3909 | D:5      | Found a glowing drain.
  3914 | Sewer    | Entered a sewer
  4714 | D:5      | Found a transporter.
  4732 | D:5      | Reached * piety under Okawaru
  4886 | D:5      | Reached skill level 8 in Long Blades
  4922 | D:5      | Reached XP level 9. HP: 29/78 MP: 4/8
  5468 | D:5      | Killed pkoi's ghost
  5468 | D:5      | Reached ** piety under Okawaru
  5469 | D:5      | Reached skill level 9 in Long Blades
  5787 | D:6      | Found a hazy altar of Hepliaklqana.
  5970 | D:6      | Found a hide-covered altar of Uskayaw.
  5988 | D:6      | Reached skill level 1 in Stealth
  6035 | D:6      | Reached skill level 10 in Long Blades
  6862 | D:7      | Reached *** piety under Okawaru
  6863 | D:7      | Reached XP level 10. HP: 86/88 MP: 9/9
  7029 | D:7      | Noticed Harold
  7042 | D:7      | Killed Harold
  7505 | D:8      | Identified the +0 robe of Dishonour {+Inv rN+ Str+3}
  7622 | D:8      | Reached skill level 11 in Long Blades
  7949 | D:8      | Noticed a cyclops
  7968 | D:8      | Killed a cyclops
  7968 | D:8      | Reached **** piety under Okawaru
  8406 | D:9      | Received a gift from Okawaru
  8433 | D:9      | Reached skill level 10 in Shields
  8914 | D:9      | Found a staircase to the Orcish Mines.
  8953 | D:9      | Reached skill level 12 in Long Blades
  9002 | D:9      | Reached XP level 11. HP: 63/97 MP: 10/10
  9243 | D:9      | Found a glowing golden altar of the Shining One.
  9637 | D:9      | You fall into a shaft and drop 2 floors!
  9722 | D:11     | Noticed Josephine
  9736 | D:11     | Killed Josephine
  9737 | D:11     | Reached skill level 1 in Invocations
 10054 | D:11     | Reached skill level 10 in Armour
 10464 | D:11     | Reached ***** piety under Okawaru
 10538 | D:11     | Found a runed translucent door.
 10538 | D:11     | Noticed a phantasmal warrior
 10539 | D:11     | Noticed belegose's ghost (journeyman DjAK)
 10545 | D:11     | Noticed Maurice
 10563 | D:11     | Paralysed by something for 6 turns
 10939 | D:11     | Found Vox Bak's Magic Scroll Shop.
 11064 | D:10     | Entered Level 10 of the Dungeon
 11148 | D:10     | Found a shadowy altar of Dithmenos.
 11156 | D:10     | Reached skill level 13 in Long Blades
 11470 | D:10     | Noticed a two-headed ogre
 11481 | D:10     | Slain by a two-headed ogre

Illustrated notes

Levels and vault maps discovered:
D:1:      amcnicky_arrival_underground_garden, layout_rooms, serial_shops,
          nicolae_diamond_shop, shop_fountains
D:2:      layout_basic, hellmonk_ecumenical_altar_watching_god, basic_altar,
          kennysheep_generic_room_15, uniq_sigmund
D:3:      layout_basic, gammafunk_temple_overflow_wave, bloody_makhleb,
          chequers_serial_rivers_large_b, serial_park_tiny_1, dk_vineyard_1,
          minmay_fractal_squares_diagonal_5, uniq_terence
D:4:      layout_loops_cross, okawaru_metal_pillars_1_2,
          minmay_temple_entry_tees, uniq_duvessa, uniq_pikel
D:5:      layout_basic, gammafunk_ghost_abyssal_escape, portal_sewer_entry_e,
          hangedman_decor_opposing, hangedman_decor_riveting,
          minmay_joined_circles
D:6:      layout_basic, mainiacjoe_overflow_catwalk,
          nicolae_hepliaklqana_hazy_memory
D:7:      layout_basic, grunt_decor_one_mirror, uniq_harold
D:8:      layout_loops_ring
D:9:      layout_grid_maze, lemuel_tele_altar,
          kennysheep_orc_monster_closet_entryway, special_room
          [special_room_bee]
D:10:     layout_irregular_city, nicolae_overflow_crystal_walls,
          lair_entry_dummy, uniq_erolcha
D:11:     layout_cave_pods, ebering_ghost_inner_flame, nicolae_take_the_stairs,
          uniq_maurice, uniq_josephine

Skill      XL: |  1  2  3  4  5  6  7  8  9 10 11 |
---------------+----------------------------------+-----
Fighting       | 4 5 6 7 9 |  9.5
Armour         | 4 6 7 8 9 10 | 10.4
Shields        | 4 5 6 7 8 10 11 | 11.6
Long Blades    | 4 6 8 10 12 13 | 13.0
Dodging        | 1 2 |  2.9
Stealth        | 1 |  1.6
Invocations    | 1 |  1.2
Throwing       | |  0.4

Action                   |  1- 3 |  4- 6 |  7- 9 | 10-12 || total
-------------------------+-------+-------+-------+-------++-------
Melee: Long sword        |    57 |    99 |   380 |   401 ||   937
       Headbutt          |    10 |    18 |    67 |    70 ||   165
Throw: Boomerang         |     3 |       |     1 |     2 ||     6
Invok: Heroism           |       |       |     4 |    11 ||    15
  Use: Scroll            |     1 |     1 |     9 |     5 ||    16
       Potion            |     1 |     1 |       |     2 ||     4
Armor: Scale mail        |    30 |    30 |    67 |       ||   127
       Plate armour      |       |       |   120 |   164 ||   284
Dodge: Dodged            |    30 |    33 |    94 |   114 ||   271
Block: Kite shield       |    40 |    54 |   257 |   309 ||   660
       Rpst.: Long sword |    10 |    12 |    20 |    30 ||    72
